 Dungeon Crawl Stone Soup version 0.18-a0-9-gd4dcb6f (webtiles) character file.

1500 Hedron the Martial Artist (level 8, -2/52 HPs)
             Began as an Octopode Monk on Nov 1, 2015.
             Slain by an ice beast (6 damage)
             ... on level 6 of the Dungeon.
             The game lasted 00:13:28 (5814 turns).

Hedron the Martial Artist (Octopode Monk)           Turns: 5814, Time: 00:13:29

Health: -2/52      AC:  1    Str: 13    XL:     8   Next: 81%
Magic:  8/8        EV: 14    Int: 12    God:
Gold:   103        SH:  0    Dex: 20    Spells: 0 memorised, 7 levels left

rFire  + . .     SeeInvis .       - Unarmed
rCold  . . .     Clarity  +     (no shield)
rNeg   . . .     SustAt   .     (helmet restricted)
rPois  .         Gourm    .     s - amulet of clarity
rElec  .         Spirit   .     e - ring of wizardry
rCorr  .         Warding  .     n - ring of protection from fire
rMut   .         Stasis   .     p - +6 ring of dexterity
MR     .....                    t - ring of wizardry
Stlth  ++++......               (no ring)
                                (no ring)
                                (no ring)
                                (no ring)

@: not resistant to hostile enchantments, stealthy
A: almost no armour, amphibious, 8 rings, constrict 8, camouflage 1, gelatinous
body 1
a: no special abilities


You were on level 6 of the Dungeon.
You were hungry.

You visited 2 branches of the dungeon, and saw 7 of its levels.

You collected 355 gold pieces.
You spent 252 gold pieces at shops.

Inventory:

Missiles
 b - 2 needles of sleeping
 h - 5 tomahawks (quivered)
 o - 49 poisoned needles
Jewellery
 e - a ring of wizardry (left tentacle)
 n - a ring of protection from fire (right tentacle)
 p - a +6 ring of dexterity (on tentacle)
 s - an amulet of clarity (around mantle)
 t - a ring of wizardry (on tentacle)
Wands
 u - a wand of heal wounds (9)
 y - a wand of slowing (11)
 z - a wand of random effects (15)
 C - a wand of polymorph (13)
Scrolls
 f - 4 scrolls of remove curse
 k - 5 scrolls of teleportation
 m - 2 scrolls of fog
 r - a scroll of blinking {unknown}
 x - a scroll of enchant weapon
Potions
 c - a potion of flight
 d - 4 potions of cancellation
 g - a potion of lignification
 j - a potion of curing
 l - a potion of magic
 q - 2 potions of berserk rage
 v - a potion of haste {unknown}
 w - a potion of degeneration {unknown}
 B - a potion of resistance {unknown}
Comestibles
 a - 3 bread rations
 i - a meat ration


   Skills:
 - Level 3.0 Fighting
 - Level 3.0 Dodging
 - Level 2.6 Stealth
 + Level 11.2 Unarmed Combat


You had 7 spell levels left.
You didn't know any spells.

Dungeon Overview and Level Annotations

Branches:
Dungeon (6/15)             Temple (1/1) D:6

Altars:
Ashenzari
Dithmenos
Elyvilon
Fedhas
Kikubaaqudgha
Makhleb
Okawaru
Qazlal
Trog
Vehumet
Xom
Yredelemnul
Zin

Shops:
D:5 *


Innate Abilities, Weirdness & Mutations

You cannot wear most types of armour.
You are amphibious.
You can wear up to eight rings at the same time.
You can use your tentacles to constrict eight enemies at once.
Your skin changes colour to match your surroundings (Stealth).
Your rubbery body absorbs attacks (AC +1).


Message History

The ice beast hits you. The ice beast freezes you!
You tentacle-slap the ice beast. You squeeze the ice beast.
The ice beast is heavily wounded.
The ice beast closely misses you.
You tentacle-slap the ice beast. You squeeze the ice beast.
The ice beast is severely wounded.
The ice beast hits you. The ice beast freezes you!
You tentacle-slap the ice beast.
You squeeze the ice beast, but do no damage.
The ice beast is severely wounded.
You tentacle-slap the ice beast. Your squeeze misses the ice beast.
The ice beast is almost dead.
The ice beast hits you. The ice beast freezes you!
* * * LOW HITPOINT WARNING * * *
You tentacle-slap the ice beast. Your squeeze misses the ice beast.
The ice beast is almost dead.
The ice beast hits you.
* * * LOW HITPOINT WARNING * * *
The ice beast freezes you.
You die...

### ### ... .. #.> ...
..# #.###.##.##
#Y.##.#...## .####
##@.........#......
####..........#.######
.................# #..
##.#.........###.# #.#
# #.#......## #.# #.#
#.##.##.## #.# #.# #.
###...####.####.# #.
#...........##.#
#....####.#.....


You could see an ice beast.

Vanquished Creatures
  The ghost of bluenote the Ruffian, a novice VSMo of Okawaru (D:5)
  A water moccasin (D:5)
  2 sky beasts
  2 ogres
  A centaur (D:4)
  A giant frog (D:6)
  A scorpion (D:6)
  A crimson imp (D:6)
  An orc priest (D:3)
  A giant frog zombie (D:5)
  2 giant frog skeletons
  Ijyb (D:2)
  A hound (D:5)
  2 centaur skeletons (D:5)
  Terence (D:3)
  2 orc wizards
  4 worker ants (D:4)
  8 adders
  2 shadow imps (D:5)
  An ooze (D:1)
  An adder zombie (D:6)
  3 adder skeletons
  2 worms
  7 giant geckos
  14 orcs
  A ball python (D:1)
  6 bats
  5 giant cockroaches
  4 hobgoblins
  10 kobolds
  2 quokkas
  6 giant newts
  6 goblins
  A quokka zombie (D:5)
  5 rats
109 creatures vanquished.

Notes
Turn   | Place    | Note
--------------------------------------------------------------
     0 | D:1      | Hedron the Octopode Monk began the quest for the Orb.
     0 | D:1      | Reached XP level 1. HP: 16/16 MP: 1/1
   203 | D:1      | Reached XP level 2. HP: 21/21 MP: 2/2
   761 | D:1      | Reached XP level 3. HP: 24/26 MP: 3/3
   811 | D:2      | Reached skill level 5 in Unarmed Combat
   815 | D:2      | Noticed Ijyb
  1098 | D:2      | Killed Ijyb
  1098 | D:2      | Reached XP level 4. HP: 31/31 MP: 4/4
  1619 | D:3      | Reached skill level 6 in Unarmed Combat
  1619 | D:3      | Reached XP level 5. HP: 18/36 MP: 5/5
  2143 | D:3      | Noticed Terence
  2152 | D:3      | Killed Terence
  2290 | D:3      | Reached skill level 7 in Unarmed Combat
  2301 | D:3      | Reached XP level 6. HP: 36/42 MP: 6/6
  2359 | D:3      | Found a bloodstained altar of Trog.
  2728 | D:4      | Gained mutation: You are robust (+10% HP). [potion of mutation]
  2728 | D:4      | Gained mutation: Your spells are a little harder to cast, but a little more powerful. [potion of mutation]
  2728 | D:4      | Gained mutation: You are weak. (Str -2) [potion of mutation]
  2729 | D:4      | Lost mutation: You are weak. (Str -2) [potion of cure mutation]
  2729 | D:4      | Lost mutation: You are robust (+10% HP). [potion of cure mutation]
  2729 | D:4      | Lost mutation: Your spells are a little harder to cast, but a little more powerful. [potion of cure mutation]
  3139 | D:4      | Reached skill level 8 in Unarmed Combat
  3376 | D:4      | Reached XP level 7. HP: 46/46 MP: 7/7
  3801 | D:4      | You fall through a shaft for 2 floors!
  3855 | D:5      | Entered Level 5 of the Dungeon
  3855 | D:5      | Noticed bluenote's ghost (novice VSMo)
  3869 | D:5      | Killed bluenote's ghost
  3869 | D:5      | Reached skill level 9 in Unarmed Combat
  3954 | D:5      | Reached XP level 8. HP: 26/52 MP: 8/8
  3960 | D:5      | Reached skill level 10 in Unarmed Combat
  4781 | D:5      | Found Eloles's Assorted Antiques.
  4793 | D:5      | Bought a scroll of remove curse for 84 gold pieces
  4793 | D:5      | Bought a scroll of teleportation for 84 gold pieces
  4793 | D:5      | Bought a scroll of teleportation for 84 gold pieces
  5500 | D:6      | Reached skill level 11 in Unarmed Combat
  5512 | D:6      | Found a staircase to the Ecumenical Temple.
  5532 | Temple   | Entered the Ecumenical Temple
  5814 | D:6      | Slain by an ice beast

Vault maps used:
D:1:      lightli_arrival_lavapool
D:2:      minmay_misc_feat_rows, uniq_iyjb
D:3:      lightli_temple_of_fire, eino_curves_03, minmay_misc_feat_four_crosses,
          kennysheep_generic_room_14, uniq_terence
D:4:      kennysheep_six_static_rooms
D:5:      serial_shops, shop, first_bread
D:6:      minmay_temple_entry_glass, st_stairs_6
Temple:   dpeg_five_rooms_temple_12

Action                   |  1- 3 |  4- 6 |  7- 9 || total
-------------------------+-------+-------+-------++-------
Melee: Unarmed           |    45 |   103 |    98 ||   246
Throw: Tomahawk          |       |       |     1 ||     1
  Use: Scroll            |     3 |     6 |     9 ||    18
       Potion            |     1 |     2 |     1 ||     4
 Stab: Sleeping          |    11 |    13 |    10 ||    34
       Distracted        |       |     1 |       ||     1
  Eat: Chunk             |       |     7 |     6 ||    13
       Pizza             |       |       |     1 ||     1
